 Dungeon Crawl Stone Soup version 0.28-a0-1518-gbe868bca14 (webtiles) character file.

Game seed: 2593426001130229913

515 knot the Chopper (level 7, 52/52 HPs)
             Began as a Demonspawn Berserker on Jan 16, 2022.
             Was an Elder of Trog.
             Quit the game on level 4 of the Dungeon.
             The game lasted 00:05:40 (6241 turns).

knot the Chopper (Demonspawn Berserker)             Turns: 6241, Time: 00:05:40

Health: 52/52      AC:  6    Str: 24    XL:     7   Next: 0%
Magic:  7/7        EV: 11    Int: 10    God:    Trog [****..]
Gold:   293        SH:  5    Dex: 18    Spells: 6/6 levels left

rFire   . . .      SeeInvis .   a - +0 hand axe
rCold   . . .      Faith    .   (no shield)
rNeg    . . .      Spirit   .   i - +0 ring mail
rPois   .          Reflect  +   (no helmet)
rElec   .          Harm     .   (no cloak)
rCorr   .          Rampage  .   l - +0 pair of gloves
Will    .....                   (no boots)
Stlth   +.........              m - amulet of reflection
HPRegen 0.17/turn               e - +6 ring of dexterity
MPRegen 0.20/turn               r - +6 ring of strength

@: no status effects
A: hooves 2, ignite blood 1, magic regeneration
a: Renounce Religion, Berserk, Trog's Hand, Brothers in Arms


You were on level 4 of the Dungeon.
You worshipped Trog.
Trog was greatly pleased with you.
You visited 1 branch of the dungeon, and saw 4 of its levels.
You also visited: Ossuary.

You collected 293 gold pieces.

Inventory:

Hand Weapons
 a - a +0 hand axe (weapon)
Missiles
 b - 8 poisoned darts (quivered)
 c - 191 stones
 j - 3 boomerangs
 p - 44 sling bullets
 w - 2 throwing nets
 x - 5 atropa-tipped darts
Armour
 i - a +0 ring mail (worn)
 l - a +0 pair of gloves (worn)
Jewellery
 e - a +6 ring of dexterity (left hand)
 f - a ring of ice
 m - an amulet of reflection (around neck)
 r - a +6 ring of strength (right hand)
Wands
 v - a wand of iceblast (5)
Scrolls
 d - 8 scrolls of identify {unknown}
 t - a scroll of summoning {unknown}
 y - a scroll of vulnerability {unknown}
Potions
 g - 3 potions of mutation {unknown}
 h - a potion of ambrosia {unknown}
 k - a potion of invisibility {unknown}
 n - 2 potions of degeneration {unknown}
 o - a potion of haste {unknown}
 q - 2 potions of brilliance {unknown}
 s - 3 potions of attraction {unknown}
 u - 2 potions of curing {unknown}


   Skills:
 - Level 3.0 Fighting
 + Level 7.3 Axes
 - Level 1.7 Armour
 - Level 1.7 Dodging


You had 6 spell levels left.
You didn't know any spells.
Your spell library contained the following spells:

 Spells                   Type           Power      Damage    Failure   Level
 Animate Skeleton         Necr           0%         N/A       52%         1
 Beastly Appendage        Tmut           0%         N/A       52%         1
 Pain                     Necr           0%         1d4       52%         1
 Wereblood                Tmut           0%         N/A       65%         2
 Spider Form              Tmut/Pois      0%         N/A       87%         3
 Summon Guardian Golem    Hex/Summ       0%         N/A       87%         3
 Vampiric Draining        Necr           0%         2d6       87%         3
 Metabolic Englaciation   Hex/Ice        0%         N/A       100%        5
 Silence                  Hex/Air        0%         N/A       100%        5


Dungeon Overview and Level Annotations

Branches:
Dungeon (4/15)            Ossuary (visited)
 Temple: D:4-7

Altars:
Ashenzari
Okawaru
Sif Muna
Trog
Uskayaw

Shops:
D:2 (


Innate Abilities, Weirdness & Mutations

You have hoof-like feet.
Your demonic aura sometimes causes spilled blood to erupt in flames.
You regenerate magic rapidly.


Message History

Things that are here:
a +3 spear; a gnoll skeleton
Things that are here:
a +0 club; a goblin skeleton
s - 3 metallic red potions (gained 1)
Things that are here:
a +0 club; a goblin skeleton
Things that are here:
a +3 spear; a gnoll skeleton You see here a +0 club.
You see here a +0 club.
You now have 293 gold pieces (gained 5).
You open the door. 2 goblins and 3 hobgoblins come into view.
The hobgoblin shouts!
The goblin shouts! x2; The hobgoblin shouts!
There are monsters nearby!
There are monsters nearby!
There are monsters nearby!
You hit the hobgoblin. You kick the hobgoblin.
You kill the hobgoblin!
Trog accepts your kill.
You closely miss the hobgoblin. Your kick misses the hobgoblin.
The hobgoblin barely misses you.
You hit the hobgoblin but do no damage. You closely miss the hobgoblin.
The hobgoblin hits you but does no damage.
You slash the goblin!
You kill the goblin!
Trog accepts your kill.
You barely miss the hobgoblin. You block the hobgoblin's attack.
You hit the goblin.
You kill the goblin!
Trog accepts your kill.
You hit the hobgoblin.
You kill the hobgoblin!
Trog accepts your kill.
You have reached level 7!
Your demonic ancestry asserts itself...
Your blood heats up.
Are you sure you want to abandon this character and quit the game? (Confirm with "yes".)

########*******################,,
..#...)#,,,,,,,#..............#,,
..#....#,,,,,,,+..............#,.
###....#########..............##'
.#......#..........########......
.'......'..........# #))....
.#......#..........########)))...
###....#########).........))..##+
..#.)..#,......g@.........))..#,,
..#....#,......#.......)......#,,
####''#########################,,
≈≈≈....≈≈≈≈≈≈≈≈≈≈≈≈≈≈≈≈≈≈≈≈≈≈≈###
≈≈≈....≈≈≈≈≈≈≈≈≈≈≈≈≈≈≈≈≈≈≈≈≈≈≈≈≈≈
≈≈.....≈≈≈≈≈≈≈≈≈≈≈≈≈≈≈≈≈≈≈≈≈≈≈≈≈≈
≈.≈.)))≈≈≈≈≈≈...≈...≈.≈≈≈≈≈≈..≈..
.................................
..............................†..


You could see a hobgoblin.

Vanquished Creatures
  Edmund (D:4)
  A hound (D:4)
  A bullfrog skeleton (D:4)
  An iguana (D:4)
  3 mummies
  4 gnolls (D:4)
  5 adders
  An ufetubus (D:4)
  4 adder zombies (Ossuary)
  4 worms
  3 dart slugs
  An orc (D:4)
  10 endoplasms
  3 giant cockroaches
  28 goblins
  28 hobgoblins
  3 jackals (D:2)
  8 kobolds
  9 ball pythons
  4 bats
  3 frilled lizards
  4 gnoll zombies (Ossuary)
  6 hobgoblin zombies
  8 kobold zombies (Ossuary)
  8 orc zombies
  A quokka skeleton (D:4)
  6 rats
158 creatures vanquished.

Vanquished Creatures (others)
  A plant (D:1)
1 creature vanquished.

Grand Total: 159 creatures vanquished

Notes
Turn   | Place    | Note
-------+----------+-------------------------------------------
     0 | D:1      | knot the Demonspawn Berserker began the quest for the Orb.
     0 | D:1      | Reached XP level 1. HP: 18/18 MP: 1/1
    84 | D:1      | Reached skill level 3 in Axes
   373 | D:1      | Gained mutation: You have large cloven feet. [demonic
                  | ancestry]
   373 | D:1      | Reached XP level 2. HP: 16/24 MP: 2/2
  1504 | D:1      | Found a faded altar of an unknown god.
  1532 | D:1      | Reached XP level 3. HP: 29/29 MP: 3/3
  2111 | D:2      | Found Xuozatt's Antique Weapon Shoppe.
  2116 | D:2      | Reached skill level 4 in Axes
  2158 | D:2      | Reached ** piety under Trog
  2625 | D:2      | Gained mutation: You have hoof-like feet. [demonic
                  | ancestry]
  2625 | D:2      | Reached XP level 4. HP: 35/35 MP: 4/4
  2747 | D:2      | Found a broken altar of Ashenzari.
  3300 | D:3      | Found a hide-covered altar of Uskayaw.
  3584 | D:3      | Found an iron altar of Okawaru.
  3590 | D:3      | Reached skill level 5 in Axes
  3608 | D:3      | Found a bloodstained altar of Trog.
  3608 | D:3      | Found a shimmering blue altar of Sif Muna.
  3953 | D:4      | Gained mutation: You regenerate magic rapidly. [demonic
                  | ancestry]
  3953 | D:4      | Reached XP level 5. HP: 31/41 MP: 5/5
  4012 | D:4      | Found a sand-covered staircase.
  4144 | Ossuary  | Entered an ossuary
  4281 | Ossuary  | Reached *** piety under Trog
  4311 | Ossuary  | Reached skill level 6 in Axes
  4485 | D:4      | Reached XP level 6. HP: 45/47 MP: 6/6
  4617 | D:4      | Got Plog's Guide on Curses
  4714 | D:4      | Noticed Edmund
  4730 | D:4      | Killed Edmund
  5171 | D:4      | Reached skill level 7 in Axes
  5335 | D:4      | Reached **** piety under Trog
  6241 | D:4      | Gained mutation: Your demonic aura sometimes causes spilled
                  | blood to erupt in flames. [demonic ancestry]
  6241 | D:4      | Reached XP level 7. HP: 52/52 MP: 7/7
  6241 | D:4      | Quit the game

Illustrated notes

Levels and vault maps discovered:
D:1:      dpeg_arrival_arbitrary_a, layout_basic,
          dreamdust_ecumenical_altar_grove, minivault_27,
          roderic_serpentine_path
D:2:      minmay_wonky_spiral, layout_rooms, basic_altar, serial_shops,
          nicolae_square_shop, kennysheep_boxes
D:3:      layout_rooms, nicolae_uskayaw_murder_on_the_dancefloor,
          grunt_temple_overflow_open
D:4:      minmay_goblin_kobold_castle, layout_rooms, nicolae_ossuary_entry_giza,
          chequers_hall_statues_y, uniq_edmund

Skill      XL: |  1  2  3  4  5  6 |
---------------+-------------------+-----
Axes           | 3 4 5 6 7 |  7.3
Fighting       | |  3.0
Armour         | |  1.7
Dodging        | |  1.7

Action                   |  1- 3 |  4- 6 |  7- 9 || total
-------------------------+-------+-------+-------++-------
Melee: Hand axe          |   115 |   251 |       ||   366
       Punch             |     2 |     2 |       ||     4
       Kick              |    17 |    61 |       ||    78
Throw: Dart              |       |     8 |       ||     8
Invok: Berserk           |     1 |     6 |       ||     7
  Use: Scroll            |       |     2 |       ||     2
 Stab: Sleeping          |     1 |       |       ||     1
Armor: Animal skin       |    11 |       |       ||    11
       Ring mail         |    15 |    74 |       ||    89
Dodge: Dodged            |    56 |   101 |       ||   157
Block: Other             |       |    52 |       ||    52
       Reflection        |       |     6 |       ||     6

Table legend: (Time is in decaauts)
 A = Elapsed time spent in this place.
 B = Non-inter-level travel time spent in this place.
 C = Inter-level travel time spent in this place.
 D = Time resting spent in this place.
 E = Time spent auto-exploring this place.
 F = Levels seen in this place.
 G = Mean time per level.
                   A        B        C        D        E       F      G
               +--------+--------+--------+--------+--------+-----+--------+
         Total |   6350 |   6081 |    269 |   1955 |   3294 |   5 | 1270.0 |
       Dungeon |   6094 |   5825 |    269 |   1955 |   3146 |   4 | 1523.5 |
       Ossuary |    256 |    256 |      0 |      0 |    148 |   1 |  256.0 |
               +--------+--------+--------+--------+--------+-----+--------+

Top non-repeatable levels by time:
     D:4: 2180 daAuts
     D:1: 1927 daAuts
     D:2: 1209 daAuts
     D:3: 777 daAuts
 Ossuary: 256 daAuts
